 Dungeon Crawl Stone Soup version 0.19.1-1-g22dce08 (webtiles) character file.

163 Peloso the Skirmisher (level 5, 0/45 (46) HPs)
             Began as a Ghoul Fighter on Jan 2, 2017.
             Slain by Duvessa
             ... wielding a +2 short sword of holy wrath
              (2 damage)
             ... on level 4 of the Dungeon.
             The game lasted 00:06:24 (2596 turns).

Peloso the Skirmisher (Ghoul Fighter)               Turns: 2596, Time: 00:06:25

HP:   0/45 (46)     AC:  9    Str: 25    XL:     5   Next: 44%
MP:   4/4           EV:  8    Int:  3    God:
Gold: 94            SH:  9    Dex:  9    Spells: 0 memorised, 4 levels left

rFire  . . .     SeeInvis .     a - +0 long sword
rCold  + . .     Gourm    .     b - +0 scale mail
rNeg   + + +     Faith    .     c - +0 shield
rPois  ∞         Spirit   .     e - +0 helmet
rElec  .         Reflect  .     (no cloak)
rCorr  .         Harm     .     (no gloves)
MR     .....                    k - +0 pair of boots
Stlth  ..........               (no amulet)
                                n - ring of loudness (curse)
                                j - ring of stealth

@: mighty, rotting
A: rotting body, claws 1, carnivore 3, cold resistance 1, negative energy
resistance 3, slow regeneration 1, torment resistance, unbreathing
a: no special abilities


You were on level 4 of the Dungeon.
You were not hungry.

You visited 1 branch of the dungeon, and saw 4 of its levels.

You collected 94 gold pieces.

Inventory:

Hand Weapons
 a - a +0 long sword (weapon)
 y - a +0 dagger of venom
 A - a +1 hand axe of chopping
Armour
 b - a +0 scale mail (worn)
 c - a +0 shield (worn)
 e - a +0 helmet (worn)
 k - a +0 pair of boots (worn)
Jewellery
 j - a ring of stealth (left claw)
 n - a cursed ring of loudness (right claw)
 u - a cursed -3 ring of strength {unknown}
 x - an uncursed amulet of faith {unknown}
 z - an uncursed ring of see invisible {unknown}
Scrolls
 g - 2 scrolls of remove curse {unknown}
 h - 2 scrolls of recharging {unknown}
 l - a scroll of magic mapping {unknown}
 m - a scroll of noise {unknown}
 r - 2 scrolls of enchant armour {unknown}
 s - a scroll of teleportation {unknown}
 v - a scroll of fear {unknown}
 w - a scroll of enchant weapon {unknown}
Potions
 d - a potion of might
 i - a potion of heal wounds {unknown}
 p - 2 potions of cure mutation
 q - a potion of magic {unknown}
 t - a potion of curing {unknown}
Books
 o - a book of Party Tricks

   Spells                             Type                      Level
   a - Summon Butterflies             Summoning                    1
   b - Apportation                    Translocation                1
   c - Lesser Beckoning               Translocation                3
   d - Tukima's Dance                 Hexes                        3
   e - Alistair's Intoxication        Transmutation/Poison         5
   f - Invisibility                   Hexes                        6
 B - a book of Misfortune

   Spells                             Type                      Level
   a - Confusing Touch                Hexes                        1
   b - Confuse                        Hexes                        3
   c - Gell's Gravitas                Hexes/Translocation          3
   d - Petrify                        Transmutation/Earth          4
   e - Metabolic Englaciation         Hexes/Ice                    5
   f - Yara's Violent Unravelling     Hexes/Transmutation          5
Comestibles
 f - a meat ration


   Skills:
 + Level 3.7 Fighting
 + Level 3.1 Long Blades
 + Level 3.3 Armour
 + Level 1.0 Dodging
 + Level 3.6 Shields


You had 4 spell levels left.
You didn't know any spells.

Dungeon Overview and Level Annotations

Branches:
Dungeon (4/15)
 Temple: D:4-7

Altars:
Ashenzari
Elyvilon
Fedhas
Makhleb
Xom
Yredelemnul
The Shining One

Shops:
D:4 (

Annotations:
D:4 Dowan, Duvessa


Innate Abilities, Weirdness & Mutations

Your body is rotting away.
You thrive on raw meat.
You are immune to poison.
You have sharp fingernails.
You are carnivorous and can eat meat at any time.
Your flesh is cold resistant. (rC+)
You are immune to negative energy. (rN+++)
You regenerate slowly when monsters are visible.
You are immune to unholy pain and torment.
You can survive without breathing.


Message History

Duvessa is moderately wounded.
Duvessa says, "Where magic fails, the sword succeeds!"
You block Duvessa's attack. Duvessa hits you but does no damage.
Dowan casts a spell.
Dowan blinks!
You completely miss Duvessa.
Duvessa is moderately wounded.
Duvessa says, "When magic and the sword combine, nothing stands against them."
You block Duvessa's attack. Duvessa barely misses you.
You riposte.
Your shield and scale mail prevent you from hitting Duvessa.
Duvessa is moderately wounded.
Duvessa hits you with a short sword of holy wrath.
* * * LOW HITPOINT WARNING * * *
You convulse.
* * * LOW HITPOINT WARNING * * *
It was a potion of cure mutation.
It has a very clean taste.
Duvessa hits you with a short sword of holy wrath.
* * * LOW HITPOINT WARNING * * *
You convulse.
You die...

....... #........
#......(.
#........ .
#.?...... ...
#...∩....
.....####...!....
......(@es.......
.......##o)......
......# #<.......
...... #.)......
..... ###......
..... ###... ....
## ....


You could see Duvessa, a scorpion and an orc.

Vanquished Creatures
  2 orc wizards (D:3)
  4 adders (D:2)
  2 worms (D:2)
  2 dart slugs (D:1)
  2 leopard geckos (D:2)
  4 orcs
  2 ball pythons
  2 giant cockroaches (D:2)
  5 goblins
  9 hobgoblins
  3 jackals (D:1)
  7 bats
  5 frilled lizards
  6 kobolds
  3 rats
58 creatures vanquished.

Notes
Turn   | Place    | Note
-------+----------+-------------------------------------------
     0 | D:1      | Peloso the Ghoul Fighter began the quest for the Orb.
     0 | D:1      | Reached XP level 1. HP: 19/19 MP: 0/0
   112 | D:1      | Reached XP level 2. HP: 14/26 MP: 1/1
   555 | D:1      | Reached XP level 3. HP: 31/31 MP: 2/2
  1046 | D:2      | Found a white marble altar of Elyvilon.
  1050 | D:2      | Found a burning altar of Makhleb.
  1053 | D:2      | Found a basalt altar of Yredelemnul.
  1154 | D:2      | Reached XP level 4. HP: 39/39 MP: 3/3
  1527 | D:2      | Found a glowing golden altar of the Shining One.
  1748 | D:3      | Found a shattered altar of Ashenzari.
  1751 | D:3      | Found a shimmering altar of Xom.
  1753 | D:3      | Found a blossoming altar of Fedhas.
  1783 | D:3      | Reached skill level 1 in Dodging
  1783 | D:3      | Reached XP level 5. HP: 9/46 MP: 4/4
  1991 | D:3      | Found a faded altar of an unknown god.
  2579 | D:4      | Found Quinwuj's Weapon Boutique.
  2579 | D:4      | Noticed Dowan
  2582 | D:4      | Noticed Duvessa
  2596 | D:4      | HP: 2/45 [Duvessa/short sword of holy wrath (4)]
  2596 | D:4      | Slain by Duvessa

Skill      XL: |  1  2  3  4 |
---------------+-------------+-----
Armour         | 3 |  3.3
Long Blades    | 2 3 |  3.1
Shields        | 3 |  3.6
Dodging        | 1 |  1.0
Fighting       | |  3.7

Action                   |  1- 3 |  4- 6 || total
-------------------------+-------+-------++-------
Melee: Long sword        |   107 |   134 ||   241
  Use: Potion            |       |     2 ||     2
  Eat: Chunk             |    11 |     7 ||    18
Armor: Scale mail        |    60 |    71 ||   131
Dodge: Dodged            |    42 |    61 ||   103
Block: Shield            |    51 |    95 ||   146
       Rpst.: Long sword |    14 |    20 ||    34
